 Dungeon Crawl Stone Soup version 0.29-a0-721-g7f417c9bbb (webtiles) character file.

Game seed: 13290595512439100178

53 crusatyr the Slasher (level 3, -1/29 HPs)
             Began as a Demonspawn Monk on June 28, 2022.
             Killed from afar by Crazy Yiuf (20 damage)
             ... with a bolt of light
             ... on level 2 of the Dungeon.
             The game lasted 00:02:00 (2270 turns).

crusatyr the Slasher (Demonspawn Monk)              Turns: 2270, Time: 00:02:01

Health: -1/29      AC: 12    Str: 13    XL:     3   Next: 62%
Magic:  3/3        EV:  7    Int: 11    God:
Gold:   123        SH:  0    Dex: 18    Spells: 2/2 levels left

rFire   . . .      SeeInvis .   a - +0 falchion
rCold   . . .      Faith    .   (no shield)
rNeg    . . .      Spirit   .   l - +0 plate armour
rPois   .          Reflect  .   (helmet restricted)
rElec   .          Harm     .   e - scarf {repulsion}
rCorr   +          Rampage  .   o - +1 pair of gloves {Dex+3}
Will    .....                   (no boots)
Stlth   ..........              (no amulet)
HPRegen 0.09/turn               m - ring of resist corrosion
MPRegen 0.08/turn               q - +4 ring of evasion

@: confused, repel missiles
A: horns 1, condensation shield
a: no special abilities


You were on level 2 of the Dungeon.
You visited 1 branch of the dungeon, and saw 2 of its levels.

You collected 123 gold pieces.

Inventory:

Hand Weapons
 a - a +0 falchion (weapon)
Armour
 e - a scarf of repulsion (worn)
 l - a +0 plate armour (worn)
 o - a +1 pair of gloves of dexterity (worn)
Jewellery
 m - a ring of resist corrosion (left hand)
 q - a +4 ring of evasion (right hand)
Scrolls
 b - 2 scrolls of brand weapon {unknown}
 d - a scroll of teleportation {unknown}
 f - a scroll of summoning {unknown}
 k - a scroll of vulnerability {unknown}
 s - 2 scrolls of blinking {unknown}
 t - a scroll of identify {unknown}
Potions
 c - 2 potions of ambrosia
 g - a potion of magic {unknown}
 h - a potion of might {unknown}
 i - a potion of brilliance {unknown}
 j - 3 potions of heal wounds {unknown}
 n - 2 potions of flight {unknown}
 p - 2 potions of curing {unknown}
 r - a potion of degeneration {unknown}
 u - a potion of haste {unknown}


   Skills:
 - Level 3.0 Fighting
 + Level 4.2 Long Blades
 - Level 2.6 Dodging
 - Level 1.7 Stealth


You had 2 spell levels left.
You didn't know any spells.
Your spell library was empty.

Dungeon Overview and Level Annotations

Branches:
Dungeon (2/15)

Altars:

Annotations:
D:2 Crazy Yiuf


Innate Abilities, Weirdness & Mutations

You have a pair of small horns on your head.
A meltable shield of frost defends you. (SH +4)


Message History

The quokka bites you but does no damage.
You miss the quokka. You headbutt the quokka.
You kill the quokka!
No target in view!
An endoplasm comes into view.
The endoplasm quivers.
An endoplasm is nearby!
You hit the endoplasm.
The endoplasm is moderately wounded.
The endoplasm freezes you.
You are frozen.
You hit the endoplasm.
You kill the endoplasm!
No target in view!
No target in view!
No target in view!
No target in view!
No target in view!
No target in view!
No target in view!
No target in view!
No target in view!
Found a spear.
You open the door.
There is an open door here.
There is an open door here.
Key pressed, stopping explore.
You see here a +0 war axe.
Crazy Yiuf shouts!
You open the door. You hit Crazy Yiuf. You headbutt Crazy Yiuf.
Crazy Yiuf is heavily wounded.
Crazy Yiuf hits you with a +3 quarterstaff of chaos.
You convulse.
Crazy Yiuf zaps a wand.
The bolt of light misses you.
You hit Crazy Yiuf.
Crazy Yiuf is almost dead.
Crazy Yiuf zaps a wand.
The bolt of light hits you!!
You are confused.
Ouch! That really hurt!
You die...

.......# #.##.##### #.####.#
#####....(...#
#....#.###.....[..###.# #####
#.##.#)#.########## ###
###...### ..##.....# #........
.......#.# ♣♣♣♣♣##.#...#.#
.######..# ### ♣♣♣.♣..#..#..##.#
.# #..# #...#♣..♣.........##.#
.# #..# #...g@♣♣♣♣.......###.#
.# #..# #)..#♣♣ ♣♣.#..#.###.# .#
#..# ### ♣♣##.......# .# #.<#
######### .######..# #.....#
.........#################.....#
...............................#
..................##.##.##.....#
.######..[##.####....##.##.....#


You could see Crazy Yiuf.

Vanquished Creatures
  An adder (D:2)
  2 worms (D:2)
  A dart slug (D:1)
  5 bats
  3 endoplasms
  6 giant cockroaches
  2 goblins
  3 hobgoblins (D:1)
  3 quokkas
  4 ball pythons
  A frilled lizard (D:2)
  A rat (D:1)
32 creatures vanquished.

Notes
Turn   | Place    | Note
-------+----------+-------------------------------------------
     0 | D:1      | crusatyr the Demonspawn Monk began the quest for the Orb.
     0 | D:1      | Reached XP level 1. HP: 18/18 MP: 1/1
   261 | D:1      | Reached skill level 3 in Long Blades
   425 | D:1      | Gained mutation: A meltable shield of frost defends you.
                  | (SH +4) [demonic ancestry]
   425 | D:1      | Reached XP level 2. HP: 6/24 MP: 2/2
  1151 | D:2      | Found a faded altar of an unknown god.
  1231 | D:2      | Gained mutation: You have a pair of small horns on your
                  | head. [demonic ancestry]
  1231 | D:2      | Reached XP level 3. HP: 29/29 MP: 3/3
  1257 | D:2      | Found a runed translucent door.
  1258 | D:2      | Noticed Crazy Yiuf
  1360 | D:2      | Reached skill level 4 in Long Blades
  2270 | D:2      | Killed from afar by Crazy Yiuf

Illustrated notes

Levels and vault maps discovered:
D:1:      amcnicky_arrival_blooded_trapdoor, layout_basic
D:2:      layout_loops_cross, shapermc_ecumenical_altar_flowoftime,
          chequers_serial_rivers_small_a, uniq_crazy_yiuf_cottage

Skill      XL: |  1  2  3 |
---------------+----------+-----
Long Blades    | 3 4 |  4.2
Fighting       | |  3.0
Dodging        | |  2.6
Stealth        | |  1.7

Action                   || total
-------------------------++-------
Melee: Falchion          ||   123
       Punch             ||     1
       Headbutt          ||    13
Armor: Plate armour      ||    87
       Leather armour    ||     3
Dodge: Dodged            ||    27
Block: Other             ||    13

Table legend: (Time is in decaauts)
 A = Elapsed time spent in this place.
 B = Non-inter-level travel time spent in this place.
 C = Inter-level travel time spent in this place.
 D = Time resting spent in this place.
 E = Time spent auto-exploring this place.
 F = Levels seen in this place.
 G = Mean time per level.
                   A        B        C        D        E       F      G
               +--------+--------+--------+--------+--------+-----+--------+
         Total |   2283 |   2279 |      4 |    264 |   1652 |   2 | 1141.5 |
       Dungeon |   2283 |   2279 |      4 |    264 |   1652 |   2 | 1141.5 |
               +--------+--------+--------+--------+--------+-----+--------+

Top non-repeatable levels by time:
     D:2: 1294 daAuts
     D:1: 988 daAuts
